[Event "Titled Tuesday Blitz August 15 Early 2023"]
[White "Freile Martin, Javier"]
[Black "Aung Thant Zin"]
[WhiteFideId "3600165"]
[BlackFideId "13000063"]
[WhiteElo "2314"]
[BlackElo "2143"]
[Result "1/2-1/2"]
[Round "6"]
[TimeControl "180+1"]
[Date "2023.08.15"]
[WhiteClock "0:00:15"]
[BlackClock "0:00:15"]
[Board "179"]

1. c4 e5 2. Nc3 Nf6 3. Nf3 Nc6 4. a3 d5 5. cxd5 Nxd5 6. e4 Nf4 7. d3 Ng6 8. h4 h5 9. Be2 Bg4 10. g3 Bc5 11. Be3 Bxe3 12. fxe3 Qe7 13. O-O O-O-O 14. Nd5 Qe8 15. Rc1 Be6 16. Ng5 Bxd5 17. exd5 Rxd5 18. Bf3 e4 19. Bxe4 Rxg5 20. hxg5 Qe5 21. Qf3 Nd8 22. Qf5+ Kb8 23. Qxe5 Nxe5 24. Rf5 Ng4 25. Re1 g6 26. Rff1 Re8 27. Bd5 Re7 28. e4 c6 29. Bc4 Re5 30. Bxf7 Rxg5 31. Bc4 Ne5 32. Rf8 Kc7 33. Kg2 h4 34. Re3 b5 35. Bb3 Ng4 36. Ref3 Ne5 37. Re3 Ng4 38. Re1 Ne5 39. Kh3 Rxg3+ 40. Kxh4 g5+ 41. Kh5 Rh3+ 42. Kxg5 Rxd3 43. Bd1 Ne6+ 44. Kf6 Nxf8 45. Kxe5 Nd7+ 46. Kf4 Rd4 47. Ke3 c5 48. Be2 a6 49. Rh1 Ne5 50. Rh5 Nc4+ 51. Bxc4 Rxc4 52. Rh7+ Kb6 53. Rh6+ Kb7 54. Kd3 Rd4+ 55. Ke3 Rd7 56. e5 a5 57. Ke4 c4 58. e6 Re7 59. Ke5 Kc7 60. Rh4 Kc6 61. Rd4 Kc5 62. Rd5+ Kc6 63. Rd6+ Kc5 64. Rd7 Re8 65. Rc7+ Kb6 66. Rf7 b4 67. axb4 axb4 68. Kd6 c3 69. bxc3 bxc3 70. Rf3 Rc8 71. Rf1 c2 72. Kd7 c1=Q 73. Rxc1 Rxc1 74. e7 Re1 75. e8=Q Rxe8 76. Kxe8 1/2-1/2


[Site "https://www.chess.com"]

[Event "Titled Tuesday Blitz August 15 Early 2023"]
[White "Novikova, Margarita"]
[Black "Samaganova, Aleksandra"]
[WhiteFideId "14109689"]
[BlackFideId "13800221"]
[WhiteElo "2129"]
[BlackElo "2313"]
[Result "0-1"]
[Round "6"]
[TimeControl "180+1"]
[Date "2023.08.15"]
[WhiteClock "0:01:20"]
[BlackClock "0:02:03"]
[Board "180"]

1. e4 c5 2. Nc3 e6 3. d3 a6 4. g3 b5 5. Bg2 Bb7 6. Nge2 Qc7 7. O-O Nf6 8. Bf4 d6 9. e5 Bxg2 10. exd6 Qb7 11. Ne4 Nxe4 12. dxe4 Bxf1 13. Qxf1 Nd7 14. e5 h6 15. h4 g5 0-1


[Site "https://www.chess.com"]

[Event "Titled Tuesday Blitz August 15 Early 2023"]
[White "Martin, Lewis"]
[Black "Johnson, Ben"]
[WhiteFideId "410551"]
[BlackFideId "2010917"]
[WhiteElo "2299"]
[BlackElo "2138"]
[Result "0-1"]
[Round "6"]
[TimeControl "180+1"]
[Date "2023.08.15"]
[WhiteClock "0:01:17"]
[BlackClock "0:01:18"]
[Board "181"]

1. e4 c5 2. Nf3 g6 3. d4 cxd4 4. Nxd4 Nf6 5. Nc3 d6 6. Be2 Bg7 7. Be3 O-O 8. h3 Nc6 9. Nb3 a5 10. a4 Bd7 11. Qd2 Rc8 12. g4 Ne5 13. f4 Nc4 14. Bxc4 Rxc4 15. O-O-O Nxe4 16. Nxe4 Rxe4 17. Bd4 Bxa4 18. Bxg7 Kxg7 19. Nc5 Rc4 20. Nxb7 Qc7 21. Qxa5 Qxb7 22. Rh2 Ra8 23. Qd5 Qxd5 24. Rxd5 Rxf4 25. b3 Bc6 26. Rd3 Be4 27. Rf3 Rxf3 0-1


[Site "https://www.chess.com"]

[Event "Titled Tuesday Blitz August 15 Early 2023"]
[White "Ghosh, Chanchal Kumer"]
[Black "Blokhin, Sofia"]
[WhiteFideId "10201858"]
[BlackFideId "4508190"]
[WhiteElo "2125"]
[BlackElo "2292"]
[Result "1-0"]
[Round "6"]
[TimeControl "180+1"]
[Date "2023.08.15"]
[WhiteClock "0:00:42"]
[BlackClock "0:00:22"]
[Board "182"]

1. e4 c5 2. Nf3 e6 3. d4 cxd4 4. Nxd4 a6 5. Be3 Nf6 6. Bd3 Qc7 7. O-O d5 8. Nc3 e5 9. exd5 exd4 10. Bxd4 Be7 11. Bxf6 Bxf6 12. Re1+ Kf8 13. Ne4 Be5 14. h3 Bd6 15. c4 Nd7 16. Qe2 g6 17. Rac1 Nc5 18. Nxd6 Qxd6 19. b4 Nxd3 20. Qxd3 Bf5 21. Qd4 f6 22. c5 Qd8 23. d6 Kg7 24. Re7+ Kg8 25. Qd5+ Kf8 26. Qf7# 1-0


[Site "https://www.chess.com"]

[Event "Titled Tuesday Blitz August 15 Early 2023"]
[White "Ai, Evan"]
[Black "Larina, Maria"]
[WhiteFideId "2094770"]
[BlackFideId "24113182"]
[WhiteElo "2291"]
[BlackElo "2111"]
[Result "0-1"]
[Round "6"]
[TimeControl "180+1"]
[Date "2023.08.15"]
[WhiteClock "0:00:11"]
[BlackClock "0:01:10"]
[Board "183"]

1. e4 c6 2. d4 d5 3. Nc3 dxe4 4. Nxe4 Nf6 5. Nxf6+ exf6 6. c3 Bd6 7. Bd3 O-O 8. Ne2 Re8 9. O-O Nd7 10. Bf4 Nf8 11. Qd2 Ng6 12. Bxd6 Qxd6 13. Ng3 Nf4 14. Be4 Be6 15. Bf3 Rad8 16. Ne4 Qc7 17. Rfe1 Bd5 18. g3 Nh3+ 19. Kg2 Bxe4 20. Bxe4 Ng5 21. Bd3 c5 22. Rxe8+ Rxe8 23. d5 c4 24. Bf5 g6 25. Bc2 Qd7 26. h4 Qh3+ 0-1


[Site "https://www.chess.com"]

[Event "Titled Tuesday Blitz August 15 Early 2023"]
[White "Daurelle, Herve"]
[Black "Saucey, Michel"]
[WhiteFideId "602655"]
[BlackFideId "601845"]
[WhiteElo "2102"]
[BlackElo "2291"]
[Result "0-1"]
[Round "6"]
[TimeControl "180+1"]
[Date "2023.08.15"]
[WhiteClock "0:00:00"]
[BlackClock "0:00:04"]
[Board "184"]

1. e4 c5 2. Nf3 e6 3. d4 cxd4 4. Nxd4 Nc6 5. Nc3 Qc7 6. Be2 a6 7. O-O Nf6 8. Be3 Be7 9. f4 d6 10. Qe1 O-O 11. Qg3 Nxd4 12. Bxd4 b5 13. Rae1 Bb7 14. e5 Ne8 15. f5 exf5 16. Rxf5 dxe5 17. Bxe5 Bd6 18. Bd3 g6 19. Nd5 Bxd5 20. Bxd6 Qxd6 21. Qxd6 Nxd6 22. Rxd5 Rad8 23. Rd1 Nb7 24. Rxd8 Rxd8 25. Kf2 Nc5 26. Ke3 Nxd3 27. Rxd3 Rc8 28. Kd2 Rc6 29. a4 bxa4 30. Rd4 f5 31. Rxa4 Kf7 32. c4 Kf6 33. Kc3 Ke5 34. b4 g5 35. Ra5+ Ke4 36. Rc5 Rxc5 37. bxc5 Ke5 38. Kb4 Ke6 39. Ka5 Kd7 40. Kb6 Kc8 41. Kxa6 Kc7 42. Kb5 f4 0-1


[Site "https://www.chess.com"]

[Event "Titled Tuesday Blitz August 15 Early 2023"]
[White "Pumpkin_in_moonlight"]
[Black "Politov, Pavel Y."]
[BlackFideId "24110515"]
[WhiteElo "2289"]
[BlackElo "2097"]
[Result "1-0"]
[Round "6"]
[TimeControl "180+1"]
[Date "2023.08.15"]
[WhiteClock "0:00:15"]
[BlackClock "0:00:05"]
[Board "185"]

1. e4 c5 2. Nf3 d6 3. Bb5+ Nd7 4. O-O a6 5. Be2 Ngf6 6. Nc3 e6 7. d4 Be7 8. e5 dxe5 9. dxe5 Ng4 10. Bf4 g5 11. Bg3 h5 12. h3 Nh6 13. Ne4 Nf5 14. Nd6+ Nxd6 15. exd6 Bf6 16. c3 Bg7 17. Re1 Qf6 18. h4 g4 19. Ng5 Bh6 20. Ne4 Qg7 21. Bc4 b5 22. Bb3 c4 23. Bc2 f5 24. Ng5 Bxg5 25. Rxe6+ Kf8 26. hxg5 Qxg5 27. Qd5 Rb8 28. Rae1 Nb6 29. Re8+ Kg7 30. R1e7+ Kf6 31. Qf7# 1-0


[Site "https://www.chess.com"]

[Event "Titled Tuesday Blitz August 15 Early 2023"]
[White "Souza Neves, Andrey M."]
[Black "Wang, Alexander J"]
[WhiteFideId "2101815"]
[BlackFideId "30955270"]
[WhiteElo "2086"]
[BlackElo "2288"]
[Result "1/2-1/2"]
[Round "6"]
[TimeControl "180+1"]
[Date "2023.08.15"]
[WhiteClock "0:00:02"]
[BlackClock "0:00:10"]
[Board "186"]

1. d4 d5 2. c4 e6 3. Nc3 c5 4. e3 Nf6 5. Nf3 Nc6 6. dxc5 Bxc5 7. a3 a5 8. cxd5 exd5 9. Bb5 O-O 10. O-O Bg4 11. Be2 Bf5 12. Nd4 Nxd4 13. exd4 Bd6 14. Bg5 Be6 15. Bf3 Be7 16. Re1 h6 17. Bh4 Qd7 18. Qb3 Rfd8 19. Rac1 a4 20. Qb5 Qxb5 21. Nxb5 g5 22. Bg3 g4 23. Be2 Rac8 24. Na7 Rxc1 25. Rxc1 h5 26. Rc7 Bf8 27. Rxb7 Ne4 28. f3 Nxg3 29. hxg3 Bg7 30. Nc6 Rd6 31. Bb5 Kh7 32. Bxa4 Bd7 33. Bc2+ Kh6 34. Ne5 Be6 35. fxg4 hxg4 36. Kf2 Bf6 37. Ke2 Kg7 38. a4 Rd8 39. a5 Ra8 40. b4 Rc8 41. Bd3 Bg5 42. a6 Bc1 43. a7 Ra8 44. b5 Bb2 45. Nc6 Bd7 46. Rb8 Bxc6 47. bxc6 Rxa7 48. Rxb2 Rc7 49. Rc2 Kf6 50. Ba6 Ke7 51. Bb7 Kd6 52. Ke3 Re7+ 53. Kf4 Re4+ 54. Kf5 Kc7 55. Kf6 Rxd4 56. Kxf7 Rd3 57. Re2 Rxg3 58. Re7+ Kb6 59. Ba8 Rxg2 60. c7 Rc2 61. Bxd5 Rxc7 62. Rxc7 Kxc7 63. Kf6 Kd6 64. Bg2 g3 65. Kg5 Ke5 66. Kg4 Kd4 67. Kxg3 1/2-1/2


[Site "https://www.chess.com"]

[Event "Titled Tuesday Blitz August 15 Early 2023"]
[White "Preobrazhenska_D2011"]
[Black "Winkels, Marcel"]
[BlackFideId "1003887"]
[WhiteElo "2287"]
[BlackElo "2080"]
[Result "1-0"]
[Round "6"]
[TimeControl "180+1"]
[Date "2023.08.15"]
[WhiteClock "0:01:45"]
[BlackClock "0:01:04"]
[Board "187"]

1. e4 c5 2. Nf3 e6 3. g3 Nf6 4. Qe2 d6 5. Bg2 Nc6 6. O-O Be7 7. c3 O-O 8. d4 cxd4 9. cxd4 d5 10. e5 Ne4 11. Nc3 Nxc3 12. bxc3 Bd7 13. Nd2 Rc8 14. f4 Na5 15. Qd3 Qb6 16. Rb1 Qc6 17. Bb2 Nc4 18. Nxc4 Qxc4 19. Qd2 a6 20. Ba1 Bb5 21. Rf2 Qc6 22. f5 Bd8 23. f6 Ba5 24. Qg5 1-0


[Site "https://www.chess.com"]

[Event "Titled Tuesday Blitz August 15 Early 2023"]
[White "Diaz, Fernando"]
[Black "Kriti Mayur Patel"]
[WhiteFideId "3701255"]
[BlackFideId "35061780"]
[WhiteElo "2283"]
[BlackElo "2068"]
[Result "1-0"]
[Round "6"]
[TimeControl "180+1"]
[Date "2023.08.15"]
[WhiteClock "0:01:19"]
[BlackClock "0:00:14"]
[Board "188"]

1. e4 e5 2. Nf3 Nc6 3. Bc4 Nf6 4. Ng5 d5 5. exd5 Na5 6. Bb5+ c6 7. dxc6 bxc6 8. Be2 h6 9. Nf3 e4 10. Ne5 Qc7 11. d4 exd3 12. Nxd3 Bd6 13. h3 O-O 14. O-O c5 15. c3 Bb7 16. Be3 Rad8 17. Qa4 c4 18. Nb4 Bxb4 19. Qxb4 Nd5 20. Qc5 Qxc5 21. Bxc5 Nf4 22. Bf3 Bxf3 23. gxf3 Rfe8 24. Be3 Nxh3+ 25. Kg2 Ng5 26. Na3 Re5 27. f4 Rxe3 28. fxe3 Ne4 29. Rad1 Rb8 30. Kf3 f5 31. Rg1 Rxb2 32. Rg2 Rb7 33. Rd5 Nc6 34. Nxc4 Nxc3 35. Nd6 Nxd5 36. Nxb7 Ncb4 37. Nd6 a5 38. Nxf5 Kf7 39. Rxg7+ Kf6 40. e4 Nc3 41. Rb7 Nbxa2 42. Ne3 a4 43. Kg4 Nc1 44. e5+ Ke6 45. f5+ Kxe5 46. Nc4+ Kd5 47. f6 Kxc4 48. f7 Nb3 49. f8=Q Kd3 50. Qxh6 a3 51. Rxb3 a2 52. Rxc3+ Kxc3 53. Qh8+ Kb3 54. Qa1 Ka3 55. Kf3 Kb3 56. Ke2 Ka3 57. Kd3 Kb3 58. Kd2 Ka3 59. Kc3 Ka4 60. Qxa2+ Kb5 61. Qc4+ Ka5 62. Qb3 Ka6 63. Kd4 Ka7 64. Kd5 Ka8 65. Kc6 Ka7 66. Qb7# 1-0


[Site "https://www.chess.com"]

[Event "Titled Tuesday Blitz August 15 Early 2023"]
[White "ivana_999"]
[Black "Levitan, Caleb Levi"]
[BlackFideId "14332620"]
[WhiteElo "2044"]
[BlackElo "2279"]
[Result "0-1"]
[Round "6"]
[TimeControl "180+1"]
[Date "2023.08.15"]
[WhiteClock "0:01:36"]
[BlackClock "0:01:38"]
[Board "189"]

1. d4 d5 2. c4 e6 3. Nc3 a6 4. cxd5 exd5 5. Nf3 Nf6 6. Ne5 Be6 7. Bg5 Be7 8. e3 Nbd7 9. Nxd7 Qxd7 10. Qb3 c5 11. dxc5 d4 12. Bc4 Bxc4 13. Qxc4 dxc3 14. Qxc3 O-O 15. O-O Ne4 16. Rfd1 Qxd1+ 17. Rxd1 Nxc3 0-1


[Site "https://www.chess.com"]

[Event "Titled Tuesday Blitz August 15 Early 2023"]
[White "Osiecki, Stanislaw"]
[Black "Barwinska, Ewa"]
[WhiteFideId "1102990"]
[BlackFideId "21833761"]
[WhiteElo "2043"]
[BlackElo "2278"]
[Result "0-1"]
[Round "6"]
[TimeControl "180+1"]
[Date "2023.08.15"]
[WhiteClock "0:01:07"]
[BlackClock "0:01:43"]
[Board "190"]

1. e4 c5 2. c3 Nf6 3. e5 Nd5 4. d4 cxd4 5. Nf3 Nc6 6. cxd4 d6 7. Bc4 Nb6 8. Bb5 dxe5 9. Nxe5 Bd7 10. Nxd7 Qxd7 11. O-O e6 12. Be3 Bd6 13. Nc3 O-O 14. Qg4 a6 15. Bd3 Ne7 16. Qh3 h6 17. Bxh6 gxh6 18. Qxh6 f5 19. Qg5+ Kf7 20. Qh5+ Ng6 21. h3 Rh8 22. Qe2 Nf4 23. Qf3 Rag8 24. Rfe1 Rxg2+ 25. Qxg2 Nxg2 26. Kxg2 Qc6+ 27. f3 Rg8+ 0-1


[Site "https://www.chess.com"]

[Event "Titled Tuesday Blitz August 15 Early 2023"]
[White "AndresDelgado77"]
[Black "Zepeda Berlanga, Jan Enrique"]
[BlackFideId "5132355"]
[WhiteElo "2263"]
[BlackElo "1958"]
[Result "0-1"]
[Round "6"]
[TimeControl "180+1"]
[Date "2023.08.15"]
[WhiteClock "0:00:00"]
[BlackClock "0:00:04"]
[Board "191"]

1. e4 c5 2. Nc3 d6 3. g3 Nf6 4. Bg2 g6 5. f4 Bg7 6. Nf3 Nc6 7. d3 O-O 8. O-O Rb8 9. Bd2 Bd7 10. h3 b5 11. g4 b4 12. Ne2 Ne8 13. b3 f5 14. exf5 gxf5 15. Ng3 fxg4 16. Ng5 gxh3 17. Bd5+ e6 18. Qh5 Nf6 19. Nxe6 Bxe6 20. Bxe6+ Kh8 21. Qxh3 Nd4 22. f5 Nxc2 23. Bg5 Qc7 24. Rac1 Nd4 25. Rce1 Rbe8 26. Qh4 Ng8 27. Nh5 Nxe6 28. fxe6 Rxf1+ 29. Kxf1 Qc6 30. Kg1 Qf3 31. Nxg7 Kxg7 32. Rf1 Qd5 33. Rf7+ Kg6 34. Qxh7+ Kxg5 35. Qg7+ Kh5 0-1


[Site "https://www.chess.com"]

[Event "Titled Tuesday Blitz August 15 Early 2023"]
[White "Kohler, Aran"]
[Black "Navyblue1"]
[WhiteFideId "1002856"]
[WhiteElo "2258"]
[BlackElo "1957"]
[Result "1-0"]
[Round "6"]
[TimeControl "180+1"]
[Date "2023.08.15"]
[WhiteClock "0:00:56"]
[BlackClock "0:00:00"]
[Board "192"]

1. e4 c5 2. Nc3 d6 3. f4 Nc6 4. Nf3 g6 5. Bc4 Bg7 6. O-O e6 7. d3 Nge7 8. a3 a6 9. Ba2 Rb8 10. Kh1 b5 11. Qe1 Nd4 12. Nxd4 cxd4 13. Ne2 O-O 14. f5 exf5 15. Qh4 Kh8 16. Bg5 f6 17. Bd2 fxe4 18. dxe4 Bd7 19. Nf4 g5 20. Qf2 gxf4 21. Bxf4 Qb6 22. Qg3 Rb7 23. Bxd6 Bc6 24. e5 Ng6 25. Bxf8 Bxf8 26. exf6 Qc7 27. Qxc7 Rxc7 28. f7 Kg7 29. Rae1 Bb7 30. h3 Rd7 31. Re8 Bd5 32. Bxd5 Rxd5 33. Re6 a5 34. Rb6 b4 35. a4 Rd7 36. Ra6 Rd5 37. g4 Ne5 38. Ra7 Ng6 39. Kg2 h5 40. Rb7 hxg4 41. hxg4 Rg5 42. Kh3 Rd5 43. Rb5 Rd7 44. Rxa5 d3 45. cxd3 Rxd3+ 46. Kg2 Rd2+ 47. Rf2 Rd4 48. Rg5 Be7 49. f8=Q+ Bxf8 50. Rxf8 Kxf8 51. Rxg6 Rd2+ 52. Kf3 Rxb2 53. a5 Ra2 54. a6 b3 55. Rb6 b2 56. Kf4 b1=Q 57. Rxb1 Rxa6 58. Kg5 Ra5+ 59. Kh6 Kf7 60. g5 Ra6+ 61. Kh5 Ra7 62. Kh6 Ra6+ 63. Kh7 Ra7 64. g6+ Kf6+ 65. Kh6 Ra8 66. Rf1+ Ke7 67. g7 Ra2 68. g8=Q Rh2+ 69. Kg7 Rg2+ 70. Kh8 Rh2+ 71. Qh7+ Rxh7+ 72. Kxh7 1-0


[Site "https://www.chess.com"]

[Event "Titled Tuesday Blitz August 15 Early 2023"]
[White "Vargas, Mauricio"]
[Black "Fajdetic, Hrvoje"]
[WhiteFideId "4404572"]
[BlackFideId "14501945"]
[WhiteElo "1882"]
[BlackElo "2252"]
[Result "0-1"]
[Round "6"]
[TimeControl "180+1"]
[Date "2023.08.15"]
[WhiteClock "0:00:43"]
[BlackClock "0:00:49"]
[Board "193"]

1. e4 c5 2. Nc3 a6 3. f4 Nc6 4. Nf3 g6 5. d3 Bg7 6. Nd5 e6 7. Ne3 Qc7 8. g3 Nge7 9. Bg2 d5 10. e5 h5 11. h3 b5 12. c3 Bb7 13. O-O O-O 14. Qe1 d4 15. Nc2 dxc3 16. bxc3 Rfd8 17. Qe2 Nf5 18. Kh2 b4 19. g4 hxg4 20. hxg4 Nh6 21. Kg3 bxc3 22. Rh1 Nd4 23. Be3 Nxe2+ 24. Kf2 Nd4 25. Rh4 Nxc2 26. Rah1 Nxe3 27. Kxe3 Bxf3 28. Bxf3 c2 29. Bxa8 Rxa8 30. Rc1 g5 31. fxg5 Qxe5+ 32. Kd2 Qxg5+ 33. Kxc2 Qxh4 34. Rd1 Qxg4 35. Rd2 Qa4+ 36. Kc1 Nf5 37. Rc2 Qxc2+ 38. Kxc2 Nd4+ 39. Kc3 f5 40. Kc4 Bf8 41. a4 f4 42. Kc3 f3 43. Kd2 Bh6+ 44. Ke1 Be3 45. Kf1 Rb8 46. Ke1 Rb1# 0-1


[Site "https://www.chess.com"]

[Event "Titled Tuesday Blitz August 15 Early 2023"]
[White "Juicy_Fork"]
[Black "cthake"]
[WhiteElo "2251"]
[BlackElo "1820"]
[Result "1-0"]
[Round "6"]
[TimeControl "180+1"]
[Date "2023.08.15"]
[WhiteClock "0:00:43"]
[BlackClock "0:00:00"]
[Board "194"]

1. e4 c5 2. Nf3 Nc6 3. Bb5 d6 4. O-O a6 5. Bxc6+ bxc6 6. c3 e5 7. d4 cxd4 8. cxd4 Bg4 9. Qc2 Bxf3 10. Qxc6+ Ke7 11. gxf3 Rc8 12. Qd5 exd4 13. Qxd4 Nf6 14. Bg5 Ke8 15. Nc3 Be7 16. Rfe1 Rc5 17. Be3 Rh5 18. Rad1 Qd7 19. Nd5 Qh3 20. Bf4 g5 21. Nxf6+ Bxf6 22. Qxf6 gxf4 23. Qxh8+ Ke7 24. Rd5 Qxh2+ 25. Kf1 Qh3+ 26. Ke2 Rh6 27. Qb8 Qd7 28. Rc1 Ke6 29. Rc7 Qa4 30. Qc8+ Kf6 31. Rxd6+ Kg7 32. Qg4+ Rg6 33. Rxg6+ hxg6 34. Qd7 1-0


[Site "https://www.chess.com"]

[Event "Titled Tuesday Blitz August 15 Early 2023"]
[White "Slovineanu, Viacheslav"]
[Black "Maluco_do_Natal_00"]
[WhiteFideId "13900510"]
[WhiteElo "2353"]
[BlackElo "2065"]
[Result "1-0"]
[Round "6"]
[TimeControl "180+1"]
[Date "2023.08.15"]
[WhiteClock "0:00:10"]
[BlackClock "0:00:00"]
[Board "195"]

1. d4 d5 2. Nf3 Nf6 3. c4 c6 4. e3 g6 5. Nc3 Bg7 6. Be2 O-O 7. O-O a6 8. b3 Nbd7 9. Bb2 Re8 10. Rc1 h6 11. cxd5 cxd5 12. Na4 e6 13. Qe1 Ne4 14. Nd2 b5 15. Nxe4 dxe4 16. Nc5 Nxc5 17. Rxc5 Bb7 18. a4 Bf8 19. Rc2 bxa4 20. bxa4 Bd5 21. Qa1 Qa5 22. Rfc1 Bb3 23. Rc6 Qxa4 24. Qxa4 Bxa4 25. Rxa6 Rxa6 26. Bxa6 Rb8 27. Bc3 Bd6 28. g3 Bc6 29. Bb4 Rxb4 30. Rxc6 Bf8 31. h4 Rb1+ 32. Kg2 Ra1 33. Bb7 Rb1 34. Rc7 f5 35. d5 exd5 36. Bxd5+ Kh8 37. Bf7 g5 38. h5 Rb8 39. Bg6 f4 40. Bxe4 fxg3 41. Kxg3 1-0


[Site "https://www.chess.com"]

[Event "Titled Tuesday Blitz August 15 Early 2023"]
[White "Shapiro, Daniel"]
[Black "Feliz Dotel, Dewar Bienvenido"]
[WhiteFideId "2001780"]
[BlackFideId "6402801"]
[WhiteElo "2286"]
[BlackElo "2193"]
[Result "1-0"]
[Round "6"]
[TimeControl "180+1"]
[Date "2023.08.15"]
[WhiteClock "0:00:56"]
[BlackClock "0:00:00"]
[Board "196"]

1. d4 d5 2. c4 e6 3. Nf3 c5 4. cxd5 exd5 5. g3 Nc6 6. Bg2 Nf6 7. O-O Be7 8. Nc3 O-O 9. Be3 Ng4 10. Bf4 Bf6 11. dxc5 Bxc3 12. bxc3 Be6 13. Bd6 Re8 14. Nd4 Nf6 15. Rb1 Qd7 16. Qa4 Ne4 17. Bxe4 dxe4 18. Qb5 Nxd4 19. cxd4 Qxb5 20. Rxb5 Bd5 21. Rc1 Rad8 22. a4 Bc6 23. Rb4 a6 24. Rd1 Bd5 25. Bf4 h6 26. Be3 g5 27. Rb6 Re6 28. Rdb1 Rxb6 29. Rxb6 Re8 30. Rxh6 g4 31. Bf4 Re6 32. Rh4 Rg6 33. Be5 f6 34. Bd6 Kg7 35. Kf1 f5 36. Ke1 a5 37. Kd2 Kg8 38. Be5 b6 39. Ke3 bxc5 40. dxc5 Rc6 41. Bd6 Rc8 42. Kd4 Kf7 43. Kxd5 Kg6 44. c6 Rb8 45. c7 Rb1 46. c8=Q Rd1+ 47. Kc6 Rc1+ 48. Bc5 Rd1 49. Qe6+ Kg7 50. Rh5 1-0


[Site "https://www.chess.com"]

[Event "Titled Tuesday Blitz August 15 Early 2023"]
[White "Dilmukhametov, Artur"]
[Black "White, John S."]
[WhiteFideId "24179922"]
[BlackFideId "2502348"]
[WhiteElo "2256"]
[BlackElo "1999"]
[Result "1/2-1/2"]
[Round "6"]
[TimeControl "180+1"]
[Date "2023.08.15"]
[WhiteClock "0:01:08"]
[BlackClock "0:00:45"]
[Board "197"]

1. e4 c5 2. d4 cxd4 3. c3 Nf6 4. e5 Nd5 5. cxd4 e6 6. Nf3 d6 7. exd6 Bxd6 8. Nc3 Nxc3 9. bxc3 Nc6 10. Bd3 h6 11. O-O Qf6 12. Re1 O-O 13. Bc2 e5 14. Qd3 g6 15. dxe5 Nxe5 16. Nxe5 Bxe5 17. Bb2 Bf5 18. Qe2 Rfe8 19. Bxf5 Qxf5 20. Qd1 Qf4 21. g3 Qf6 22. Qb3 b6 23. Rab1 Rac8 24. c4 Bxb2 25. Rxe8+ Rxe8 26. Rxb2 Re1+ 27. Kg2 Qc6+ 28. Kh3 Qe6+ 29. Kg2 Qe4+ 30. Kh3 Qe6+ 31. Kg2 Qe4+ 32. Kh3 Qe6+ 1/2-1/2


[Site "https://www.chess.com"]

[Event "Titled Tuesday Blitz August 15 Early 2023"]
[White "Valle Maytin, Luis Enrique"]
[Black "BeautiFullMindChess"]
[WhiteFideId "3503666"]
[WhiteElo "2362"]
[BlackElo "2213"]
[Result "1-0"]
[Round "6"]
[TimeControl "180+1"]
[Date "2023.08.15"]
[WhiteClock "0:00:07"]
[BlackClock "0:00:00"]
[Board "199"]

1. d4 Nf6 2. Nf3 b6 3. e3 Bb7 4. Bd3 c5 5. O-O e6 6. b3 cxd4 7. exd4 d5 8. Bb2 Nbd7 9. Nbd2 Be7 10. Re1 O-O 11. h3 a5 12. a4 Ba6 13. Qe2 Bxd3 14. Qxd3 Qc7 15. Ne5 Nxe5 16. dxe5 Nd7 17. f4 Rac8 18. Rac1 Bb4 19. c3 Be7 20. c4 dxc4 21. Rxc4 Nc5 22. Qc2 Qd7 23. Nf3 Rfd8 24. Bd4 h6 25. Kh2 Qb7 26. Rc1 Rd5 27. b4 axb4 28. Rxb4 Qa6 29. Rc4 Rcd8 30. f5 exf5 31. Qxf5 Ne6 32. Be3 b5 33. axb5 Qxb5 34. Rg4 Kf8 35. Qh7 Ke8 36. Qg8+ Bf8 37. Bf2 Qe2 38. Bh4 Rb8 39. Rc3 Rd1 40. Rgc4 Qf1 41. Rc8+ Rxc8 42. Rxc8+ Kd7 43. Rxf8 Nxf8 44. Qxf8 Qc4 45. Qxg7 Kc6 46. Qf6+ Qe6 47. Qxe6+ fxe6 48. Bf6 Kd5 49. Kg3 Ke4 50. Kg4 Ra1 51. Nh4 Ra2 52. g3 1-0


[Site "https://www.chess.com"]

[Event "Titled Tuesday Blitz August 15 Early 2023"]
[White "Liu, Leonardo"]
[Black "Cheer_Down"]
[WhiteFideId "30965780"]
[WhiteElo "2213"]
[BlackElo "2346"]
[Result "1-0"]
[Round "6"]
[TimeControl "180+1"]
[Date "2023.08.15"]
[WhiteClock "0:01:53"]
[BlackClock "0:00:00"]
[Board "200"]

1. e4 e5 2. Nf3 Nc6 3. Bc4 Nf6 4. d3 Bc5 5. c3 O-O 6. Bb3 d5 7. Nbd2 Re8 8. Qe2 h6 9. O-O Be6 10. Bc2 a5 11. a4 Qd7 12. Re1 Rad8 13. Nf1 d4 14. Ng3 Bf8 15. h3 Qd6 16. Nh4 g6 17. Qf3 Bg7 18. Bxh6 Bxh6 19. Qxf6 dxc3 20. bxc3 Qc5 21. Nxg6 fxg6 22. Qxg6+ Bg7 23. Nh5 Qf8 24. Re3 Qf7 25. Qg5 Kh8 26. Rg3 Rg8 27. Qh4 Bh6 28. Nf6 Rg6 29. Rxg6 Qxg6 30. Ng4 Bxg4 31. hxg4 Kg7 32. Rb1 b6 33. Rb5 Bd2 34. Rxe5 Nxe5 35. Qxd8 Qxg4 36. Qxc7+ Nf7 37. Bb3 Qg6 38. f4 Be3+ 39. Kf1 Qf6 40. f5 Kh6 41. Qxf7 Qg5 42. Qg6+ Qxg6 43. fxg6 Kxg6 44. d4 Bd2 45. c4 Bc3 46. d5 Kf6 47. Ke2 Bb4 48. Ke3 Bc5+ 49. Kf4 Bd6+ 50. Kf3 Ke5 51. g4 Be7 52. Ke3 Bg5+ 53. Kd3 Be7 54. Bd1 Bg5 55. Bf3 Be7 56. Ke2 Bg5 57. Bg2 Bh4 58. Kd3 Bg5 59. Kc3 Be7 60. Kb3 Bg5 61. c5 bxc5 62. Kc4 Bd2 63. Kxc5 Bb4+ 64. Kc6 1-0


[Site "https://www.chess.com"]

[Event "Titled Tuesday Blitz August 15 Early 2023"]
[White "Cardenas Carbajal, Nilson"]
[Black "Muhammad Shahzeb"]
[WhiteFideId "8401128"]
[BlackFideId "7804806"]
[WhiteElo "2134"]
[BlackElo "2288"]
[Result "0-1"]
[Round "6"]
[TimeControl "180+1"]
[Date "2023.08.15"]
[WhiteClock "0:00:32"]
[BlackClock "0:01:20"]
[Board "201"]

1. e4 Nf6 2. e5 Nd5 3. c4 Nb6 4. d4 d6 5. exd6 cxd6 6. Nc3 g6 7. Be3 Bg7 8. Rc1 O-O 9. b3 e5 10. dxe5 dxe5 11. Qxd8 Rxd8 12. c5 N6d7 13. Bc4 Nc6 14. Nd5 Nf6 15. Nc7 Rb8 16. Nf3 h6 17. O-O Bg4 18. Rfd1 a6 19. a4 Rbc8 20. Rxd8+ Nxd8 21. Nxe5 Rxc7 22. f3 Be6 23. Rd1 Nd7 24. Bf4 Bxe5 25. Bxe5 Nxe5 26. Rxd8+ Kg7 27. Bxe6 fxe6 28. b4 a5 29. Rd4 axb4 30. Rxb4 Kf6 31. Rb5 Nc6 32. a5 e5 33. Kf2 Ke6 34. Ke3 Kd5 35. g3 Kc4 36. Rb6 Kxc5 37. Ke4 Rg7 38. h4 Nxa5 39. Rb1 Nc6 40. Rc1+ Kd6 41. Rd1+ Ke6 42. Rb1 Rd7 43. h5 g5 44. Rb6 Rd4+ 45. Ke3 Rb4 46. Rxb4 Nxb4 0-1


[Site "https://www.chess.com"]

[Event "Titled Tuesday Blitz August 15 Early 2023"]
[White "Hrescak, Ivana"]
[Black "Grigoryan, Meri"]
[WhiteFideId "14613441"]
[BlackFideId "13300571"]
[WhiteElo "2258"]
[BlackElo "2115"]
[Result "1/2-1/2"]
[Round "6"]
[TimeControl "180+1"]
[Date "2023.08.15"]
[WhiteClock "0:00:19"]
[BlackClock "0:00:39"]
[Board "202"]

1. e4 d5 2. exd5 c6 3. d4 cxd5 4. Bd3 Nf6 5. c3 Nc6 6. Nf3 Bg4 7. h3 Bh5 8. O-O e6 9. Bf4 Bd6 10. Bxd6 Qxd6 11. Re1 O-O 12. Nbd2 Rfe8 13. Nf1 e5 14. dxe5 Nxe5 15. Be2 Nxf3+ 16. Bxf3 Rxe1 17. Qxe1 Bxf3 18. gxf3 Re8 19. Qd2 Nh5 20. Re1 Qg6+ 21. Kh2 Qd6+ 22. Ng3 Rd8 23. Qg5 Nxg3 24. fxg3 h6 25. Qe3 d4 26. Qxd4 Qxd4 27. cxd4 Rxd4 28. Re2 Kf8 29. h4 f6 30. g4 Kf7 31. h5 Rd3 32. Kg3 Rd7 33. Rc2 g6 34. hxg6+ Kxg6 35. Rc5 Rf7 36. Rb5 b6 37. a4 Rd7 38. a5 bxa5 39. Rxa5 Rb7 40. b4 Rxb4 41. Rxa7 Rb3 42. Ra6 Kg5 43. Ra5+ Kg6 44. Kf4 Rb4+ 45. Kg3 Rb7 46. Rf5 Rh7 47. Kh4 Ra7 48. Kg3 Ra1 49. Kf4 Ra4+ 50. Ke3 Ra3+ 51. Ke4 Ra4+ 52. Ke3 Ra3+ 53. Kf4 Ra4+ 54. Kg3 Ra3 55. Kf4 Ra4+ 1/2-1/2


[Site "https://www.chess.com"]